 Dungeon Crawl Stone Soup version 0.30-a0-570-g486de37d69 (webtiles) character file.

Game seed: 15829570526068582613

51 M4edhros the Shield-Bearer (level 3, 0/26 HPs)
             Began as an Octopode Fighter on Dec 29, 2022.
             Slain by an adder (1 damage)
             ... on level 2 of the Dungeon.
             The game lasted 00:00:28 (276 turns).

M4edhros the Shield-Bearer (Octopode Fighter)        Turns: 276, Time: 00:00:29

Health: 0/26       AC:  1    Str: 15    XL:     3   Next: 83%
Magic:  3/3        EV: 13    Int: 10    God:
Gold:   50         SH:  5    Dex: 13    Spells: 2/2 levels left

rFire   . . .      SeeInvis .    a - +0 trident
rCold   . . .      Faith    .    b - +0 buckler
rNeg    . . .      Spirit   .    (helmet restricted)
rPois   .          Reflect  .    (no amulet)
rElec   .          Harm     .    (no ring)
rCorr   .          Rampage  .    (no ring)
Will    .....                    (no ring)
Stlth   ++                       (no ring)
HPRegen 0.24/turn                (no ring)
MPRegen 0.08/turn                (no ring)
                                 (no ring)
                                 (no ring)

@: mighty
A: almost no armour, amphibious, 8 rings, camouflage 1, gelatinous body 1,
(nimble swimmer 1), tentacles
a: no special abilities


You were on level 2 of the Dungeon.
You visited 1 branch of the dungeon, and saw 2 of its levels.

You collected 50 gold pieces.

Inventory:

Hand Weapons
 a - a +0 trident (weapon)
Missiles
 e - 5 poisoned darts (quivered)
 f - 2 throwing nets
Armour
 b - a +0 buckler (worn)
Potions
 d - a potion of invisibility {unknown}


   Skills:
 + Level 3.4 Fighting
 + Level 2.6 Polearms
 + Level 3.4 Dodging
 + Level 3.4 Shields


You had 2 spell levels left.
You didn't know any spells.
Your spell library was empty.

Dungeon Overview and Level Annotations

Branches:
Dungeon (2/15)

Altars:


Innate Abilities, Weirdness & Mutations

You cannot wear most types of armour.
You are amphibious.
You can wear up to eight rings at the same time.
Your skin changes colour to match your surroundings (Stealth+).
Your rubbery body absorbs attacks. (AC +1, EV +1)
((You are camouflaged when in or above water. (Stealth+)))
You have tentacles for arms and can constrict up to eight enemies at once.


Message History

The gnoll misses you.
You puncture the gnoll!
You kill the gnoll!
You block the gnoll's attack. x2
You have reached level 3!
Your experience leads to an increase in your attributes!
Increase (S)trength, (I)ntelligence, or (D)exterity?
You feel agile. x2
You impale the gnoll!!
You kill the gnoll!
The gnoll hits you from afar with a +0 spear.
* * * LOW HITPOINT WARNING * * *
Reach: a) +0 trident
Press: ? - help, Dir - move target, f/p - gnoll
Aim: a gnoll, wielding a +0 spear (severely wounded, about 39% to evade your +0 trident)
You reach to attack!
You barely miss the gnoll.
The gnoll is severely wounded.
The gnoll hits you from afar with a +0 spear.
* * * LOW HITPOINT WARNING * * *
Reach: a) +0 trident
Press: ? - help, Dir - move target, f/p - gnoll
Aim: a gnoll, wielding a +0 spear (severely wounded, about 39% to evade your +0 trident)
You reach to attack!
You puncture the gnoll!
You kill the gnoll!
You start resting.
A giant cockroach is nearby!
A giant cockroach is nearby!
A giant cockroach is nearby!
An adder comes into view.
The adder hisses angrily.
The adder moves out of view.
The adder bites you.
* * * LOW HITPOINT WARNING * * *
The adder attacks as you move away! The adder bites you.
* * * LOW HITPOINT WARNING * * *
You block the adder's attack.
You closely miss the adder. You grab the adder.
You constrict the adder, but do no damage.
The adder bites you.
You die...

####..#.....#
.(..........#
............###+#
.######...#......
#...#......
#.†........
#...#..####
######S..#..####.
#.....@..........
..................
...####...........
.. #...###..##. .
#..[# ..#
..####...###..#....
...................
...................
#####...............


You could see an adder.

Vanquished Creatures
  3 gnolls (D:2)
  An adder (D:2)
  An endoplasm (D:2)
  A goblin (D:2)
  A hobgoblin (D:2)
  4 jackals (D:2)
  2 ball pythons
  2 rats
15 creatures vanquished.

Notes
Turn   | Place    | Note
-------+----------+-------------------------------------------
     0 | D:1      | M4edhros the Octopode Fighter began the quest for the Orb.
     0 | D:1      | Reached XP level 1. HP: 16/16 MP: 1/1
   133 | D:2      | Reached XP level 2. HP: 8/21 MP: 2/2
   263 | D:2      | Reached XP level 3. HP: 13/26 MP: 3/3
   272 | D:2      | HP: 1/26 [adder (3)]
   276 | D:2      | Slain by an adder

Illustrated notes

Levels and vault maps discovered:
D:1:      scummos_arrival_gate, layout_loops_ring
D:2:      layout_basic, nrook_mini_vaults

Action                   || total
-------------------------++-------
Melee: Trident           ||    32
       Constrict         ||     9
       Tentacles         ||     4
  Use: Potion            ||     1
Armor: Skin              ||     1
Dodge: Dodged            ||    20
Block: Buckler           ||     7

Table legend: (Time is in decaauts)
 A = Elapsed time spent in this place.
 B = Non-inter-level travel time spent in this place.
 C = Inter-level travel time spent in this place.
 D = Time resting spent in this place.
 E = Time spent auto-exploring this place.
 F = Levels seen in this place.
 G = Mean time per level.
                   A        B        C        D        E       F      G
               +--------+--------+--------+--------+--------+-----+--------+
         Total |    283 |    283 |      0 |     47 |    135 |   2 |  141.5 |
       Dungeon |    283 |    283 |      0 |     47 |    135 |   2 |  141.5 |
               +--------+--------+--------+--------+--------+-----+--------+

Top non-repeatable levels by time:
     D:2: 207 daAuts
     D:1: 75 daAuts
